 Dungeon Crawl Stone Soup version 0.29.1-15-g9cfb28693d (webtiles) character file.

Game seed: 14580503968614241227

90 LynnLen the Sneak (level 4, -3/21 HPs)
             Began as a Spriggan Enchanter on Mar 10, 2023.
             Was an Initiate of Nemelex Xobeh.
             Killed from afar by an orc wizard (9 damage)
             ... with a magic dart
             ... on level 2 of the Dungeon.
             The game lasted 00:13:49 (3425 turns).

LynnLen the Sneak (Spriggan Enchanter)              Turns: 3425, Time: 00:13:49

Health: -3/21      AC:  5    Str:  4    XL:     4   Next: 32%
Magic:  4/10       EV: 21    Int: 18    God:    Nemelex Xobeh [......]
Gold:   83         SH:  0    Dex: 15    Spells: 2/10 levels left

rFire   . . .      SeeInvis +   a - +1 dagger
rCold   . . .      Faith    .   h - orb {*channel}
rNeg    . . .      Spirit   .   b - +0 robe
rPois   .          Reflect  .   (helmet restricted)
rElec   .          Harm     .   k - +2 cloak
rCorr   .          Rampage  .   (gloves unavailable)
Will    +....                   (boots unavailable)
Stlth   +++.......              (no amulet)
HPRegen 0.07/turn               i - +4 ring of evasion
MPRegen 0.12/turn               m - ring of willpower

@: confusing by touch, very quick
A: very small, no large weapons, unfitting armour, see invisible, speed 3
a: Renounce Religion, Draw Escape, Draw Destruction, Draw Summoning


You were on level 2 of the Dungeon.
You worshipped Nemelex Xobeh.
Nemelex Xobeh was noncommittal.
You visited 1 branch of the dungeon, and saw 4 of its levels.

You collected 83 gold pieces.

Inventory:

Hand Weapons
 a - a +1 dagger (weapon)
Missiles
 d - 45 stones (quivered)
Armour
 b - a +0 robe (worn)
 h - an orb of energy (worn)
 k - a +2 cloak (worn)
Jewellery
 i - a +4 ring of evasion (left hand)
 m - a ring of willpower (right hand)
Wands
 n - a wand of polymorph (10)
Scrolls
 g - 2 scrolls of vulnerability {unknown}
 l - 4 scrolls of identify
 o - a scroll of teleportation
 p - a scroll of magic mapping {unknown}
Potions
 c - a potion of invisibility
 e - a potion of lignification
 f - a potion of brilliance {unknown}
 j - 2 potions of curing {unknown}


   Skills:
 - Level 1.1 Short Blades
 - Level 2.6 Dodging
 + Level 5.8 Stealth
 + Level 3.8 Spellcasting
 + Level 4.6 Hexes
 + Level 0.3 Invocations
 + Level 0.4 Evocations


You had 2 spell levels left.
You knew the following spells:

 Your Spells              Type           Power      Damage    Failure   Level
a - Ensorcelled Hibernat  Hex/Ice        22%        N/A       9%          2
b - Confusing Touch       Hex            20%        N/A       7%          3
c - Tukima's Dance        Hex            20%        N/A       7%          3

Your spell library contained the following spells:

 Spells                   Type           Power      Damage    Failure   Level
 Dazzling Flash           Conj/Hex       22%        N/A       17%         3
 Ignite Poison            Fire/Tmut/Pois 3%         N/A       41%         3
 Mephitic Cloud           Conj/Pois/Air  3%         N/A       41%         3
 Freezing Cloud           Conj/Ice/Air   1%         6-21      99%         5


Dungeon Overview and Level Annotations

Branches:
Dungeon (4/15)
 Temple: D:4-7

Altars:
Nemelex Xobeh
Vehumet
The Shining One


Innate Abilities, Weirdness & Mutations

You are very small and have problems with some larger weapons.
You are too small for most types of armour.
You have supernaturally acute eyesight. (SInv)
You cover ground extremely quickly. (Speed+++)


Message History

The orc wizard hits you with a +0 dagger.
You hit the orc wizard.
The orc wizard is lightly wounded.
The orc barely misses you.
The orc wizard hits you but does no damage.
You barely miss the orc wizard.
The orc wizard is lightly wounded.
There is a stone staircase leading up here.
The orc misses you. The orc wizard casts a spell at you.
The magic dart hits you.
You climb upwards.
There is a stone staircase leading down here.
Casting: Ensorcelled Hibernation (safe; 9% risk of failure)
Confirm with . or Enter, or press ? or * to list all spells.
Aiming: Ensorcelled Hibernation (safe; 9% risk of failure)
Press: ? - help, Shift-Dir - straight line, f - orc wizard
Aim: an orc wizard, wielding a +0 dagger and wearing a +0 robe (lightly wounded, chance to affect: 45%)
The orc wizard resists with some effort.
The orc wizard casts a spell at you. The puff of flame hits you!
* * * LOW HITPOINT WARNING * * *
Casting: Ensorcelled Hibernation (safe; 9% risk of failure)
Confirm with . or Enter, or press ? or * to list all spells.
Your hands begin to glow red.
The orc wizard completely misses you.
You barely miss the orc wizard.
The orc wizard is lightly wounded.
The orc wizard hits you but does no damage.
You closely miss the orc wizard.
The orc wizard is lightly wounded.
The orc wizard misses you.
You barely miss the orc wizard.
The orc wizard is lightly wounded.
The orc wizard misses you.
You hit the orc wizard but do no damage.
The orc wizard is lightly wounded.
The orc wizard points at you and mumbles some strange words.
The magic dart hits you!
You die...
Your body disappears without a glow.

#.#..
#.#.#
#.#.#
#.#.# ...#
#..# #.o#
#.@#######
#.).......
#.########
#. ##


You could see an orc wizard.

Vanquished Creatures
  3 adders
  A worm (D:2)
  A dart slug (D:2)
  4 orcs
  A ball python (D:1)
  3 endoplasms
  3 goblins
  9 hobgoblins
  4 jackals (D:1)
  4 kobolds
  4 quokkas
  3 bats (D:1)
  6 frilled lizards
  7 rats
53 creatures vanquished.

Notes
Turn   | Place    | Note
-------+----------+-------------------------------------------
     0 | D:1      | LynnLen the Spriggan Enchanter began the quest for the Orb.
     0 | D:1      | Reached XP level 1. HP: 9/9 MP: 5/5
   171 | D:1      | Found a faded altar of an unknown god.
   181 | D:1      | Reached XP level 2. HP: 6/13 MP: 7/7
   353 | D:1      | Learned a level 2 spell: Ensorcelled Hibernation
   799 | D:1      | Reached skill level 5 in Stealth
  1125 | D:1      | Reached XP level 3. HP: 6/16 MP: 8/8
  1539 | D:1      | Learned a level 3 spell: Confusing Touch
  2067 | D:2      | You fall into a shaft and drop 2 floors!
  2068 | D:4      | Found a sparkling altar of Nemelex Xobeh.
  2092 | D:4      | Became a worshipper of Nemelex Xobeh the Trickster
  2124 | D:4      | Found a radiant altar of Vehumet.
  2330 | D:4      | Found a glowing golden altar of the Shining One.
  2667 | D:3      | Reached XP level 4. HP: 21/21 MP: 7/10
  2671 | D:3      | Learned a level 3 spell: Tukima's Dance
  3425 | D:2      | Killed from afar by an orc wizard

Illustrated notes

Levels and vault maps discovered:
D:1:      giann_forest_graveyard, layout_rooms, basic_ecumenical_altar
D:2:      layout_loops_ring, chequers_serial_rivers_room_b, cheibrodos_gnoll_hut
D:3:      layout_rooms, minmay_misc_feat_diagonals
D:4:      layout_layer_cave, general_overflow_altar,
          mainiacjoe_overflow_tiny_flanked, lemuel_tele_altar,
          lemuel_round_altar, nrook_mini_backslash, kennysheep_orc_chapel

Skill      XL: |  1  2 |
---------------+-------+-----
Spellcasting   | 3 |  3.8
Hexes          | 4 |  4.6
Stealth        | 5 |  5.8
Short Blades   | |  1.1
Dodging        | |  2.6
Invocations    | |  0.3
Evocations     | |  0.4

Action                   |  1- 3 |  4- 6 || total
-------------------------+-------+-------++-------
Melee: Dagger            |   132 |    42 ||   174
 Cast: Ensorcelled Hiber |    18 |     8 ||    26
       Confusing Touch   |     1 |     3 ||     4
  Use: Scroll            |     3 |       ||     3
       Potion            |       |     1 ||     1
 Stab: Sleeping          |    19 |     3 ||    22
       Confused          |       |     2 ||     2
Armor: Robe              |     9 |     8 ||    17
Dodge: Dodged            |    95 |    42 ||   137
